Map: Frozen Temple

Players

Miszu - Winner!

  • Race: Terran Terran
  • League: Master

trutacz

  • Race: Zerg Zerg
  • League: Master

VOD

Have the link to the VOD?

Description

Time

  • Played on: April 23, 2016, 2:37 p.m.
  • Length: 11:22
Show
View Real Time Build Order
Export as new Build Order

Miszu Terran - Winner!

Build Orders: Liberator Opening, Reaper Expand, MMM Bio 

Get SALT Encoding   

  12  0:00  SCV  
  13  0:12  SCV  
  14  0:17  Supply Depot  
  14  0:25  SCV  
  15  0:39  SCV  
  15  0:40  Barracks  
  16  0:44  Refinery  
  16  0:51  SCV  
  17  1:03  SCV  
  18  1:15  SCV  
  19  1:27  Orbital Command  
  19  1:28  Reaper  
  20  1:41  Command Center  
  20  1:51  Supply Depot  
  21  1:54  SCV  
  21  1:59  Refinery  
  21  2:06  SCV  
  22  2:10  Barracks Reactor  
  22  2:18  SCV  
  22  2:21  Factory  
  23  2:30  SCV  
  24  2:42  SCV  
  25  2:48  Marine x2  
  27  2:53  Orbital Command  
  27  2:54  SCV  
  28  3:06  Starport, SCV  
  28  3:07  Factory Tech Lab  
  28  3:08  Marine  
  28  3:09  Marine  
  31  3:19  SCV  
  33  3:20  SCV  
  33  3:25  Bunker  
  33  3:26  Liberator  
  32  3:30  Siege Tank  
  32  3:31  SCV  
  32  3:32  SCV  
  32  3:33  Marine x2  
  39  3:37  Supply Depot  
  39  3:43  SCV  
  39  3:44  SCV  
  44  3:55  SCV  
  44  3:56  SCV  
  44  4:01  Supply Depot  
  45  4:07  SCV  
  45  4:08  SCV  
  47  4:12  Supply Depot  
  47  4:14  Liberator  
  47  4:19  SCV  
  47  4:20  Command Center, SCV  
  49  4:31  SCV  
  49  4:32  SCV  
  54  4:41  Barracks  
  54  4:42  Barracks  
  54  4:43  SCV  
  54  4:44  SCV  
  56  4:47  Refinery  
  56  4:51  Refinery  
  56  4:55  SCV  
  56  4:56  SCV  
  58  5:01  Marine x2  
  58  5:04  Siege Tank  
  63  5:07  SCV  
  63  5:08  SCV  
  65  5:18  Marine  
  65  5:19  Engineering Bay x2, Marine  
  65  5:20  SCV  
  65  5:21  SCV  
  66  5:26  Starport Reactor  
  66  5:30  Barracks Tech Lab  
  66  5:31  Barracks Tech Lab  
  66  5:32  Barracks, SCV  
  66  5:33  Barracks, SCV, Orbital Command  
  68  5:36  Marine  
  69  5:44  SCV  
  69  5:45  SCV  
  69  5:47  Terran Infantry Weapons Level 1, Terran Infantry Armor Level 1  
  71  5:51  Marine  
  71  5:52  Siege Tank  
  71  5:54  Marine, Combat Shields  
  71  5:56  SCV  
  77  5:59  Stimpack  
  77  6:00  SCV  
  79  6:05  Supply Depot  
  79  6:08  Supply Depot  
  79  6:09  Orbital Command  
  79  6:10  Medivac x2  
  82  6:12  Marine  
  82  6:13  Marine  
  82  6:15  SCV  
  85  6:19  Barracks Reactor  
  85  6:20  Barracks Reactor  
  85  6:27  SCV  
  85  6:28  Supply Depot, SCV  
  85  6:30  Supply Depot  
  85  6:32  Marine  
  85  6:35  Marine x3  
  85  6:38  Supply Depot  
  85  6:39  SCV  
  89  6:40  SCV  
  89  6:42  SCV  
  91  6:50  Marine  
  91  6:51  SCV  
  91  6:52  SCV  
  91  6:53  Marine x3, Medivac, Siege Tank  
  91  6:54  Medivac  
  104  6:58  Marine, Armory  
  104  6:59  Marine x2  
  107  7:06  Supply Depot  
  107  7:07  Supply Depot, Marine  
  108  7:10  Marine  
  108  7:11  Marine  
  111  7:16  Marine  
  111  7:19  Marine  
  111  7:20  Marine  
  115  7:25  Siege Tank, Marine, Marauder x2  
  115  7:28  Marine x2  
  119  7:34  Marine  
  119  7:35  Medivac x2  
  124  7:40  Barracks  
  124  7:41  Barracks  
  124  7:42  Barracks  
  124  7:46  Marauder  
  124  7:47  Marauder  
  126  7:51  Marine  
  126  7:53  Marine  
  126  7:54  Marine x4  
  132  8:05  Supply Depot, Bunker  
  132  8:06  Supply Depot, Terran Infantry Weapons Level 2  
  132  8:08  Marauder x2  
  132  8:09  Marine  
  132  8:10  SCV x3  
  132  8:11  Marine  
  132  8:12  Refinery  
  141  8:19  Marine  
  141  8:22  SCV x2  
  142  8:27  SCV  
  142  8:29  Marauder  
  142  8:31  Marine, Marauder  
  142  8:32  Barracks Tech Lab  
  142  8:33  Barracks Tech Lab x2  
  146  8:34  SCV  
  146  8:35  Terran Infantry Armor Level 2  
  146  8:37  Marine  
  146  8:38  Marine  
  149  8:42  Supply Depot  
  149  8:46  Supply Depot  
  149  8:48  Supply Depot  
  149  8:51  Concussive Shells  
  149  8:52  Marine x4, Marauder x2  
  157  9:03  Marine x3  
  157  9:04  Marauder, SCV  
  157  9:09  Marine  
  156  9:10  Marine, Marauder  
  156  9:13  Marine  
  156  9:14  Marine x2, Marauder  
  150  9:21  Marine x3  
  151  9:25  Marauder  
  151  9:26  Medivac x2  
  151  9:27  Marine  
  158  9:32  Marauder x2  
  158  9:35  Marauder  
  164  9:40  Marauder  
  146  9:46  Marine  
  146  9:47  Marine x5, Marauder  
  152  9:53  Marauder  
  152  9:54  Marauder  
  152  9:56  Marauder  
  157  10:01  Siege Tank, Medivac, Marauder  
  157  10:04  Marine  
  157  10:05  Marine  
  157  10:06  Marine  
  167  10:08  Marauder  
  169  10:14  Marauder  
  169  10:15  Marauder  
  169  10:18  Marine, Marauder  
  176  10:22  Marauder  
  166  10:29  Marine x5, Marauder  
  166  10:30  Medivac  
  166  10:33  Medivac, Widow Mine  
  173  10:35  Marine  
  173  10:36  Marauder x2  
  173  10:39  Marine  
  179  10:43  Marine  
  179  10:46  Marine  
Show
View Real Time Build Order
Export as new Build Order

trutacz Zerg 

Build Orders: Hatch First 

Get SALT Encoding   

  12  0:01  Drone  
  13  0:13  Overlord  
  13  0:17  Drone  
  14  0:31  Drone  
  14  0:32  Drone  
  16  0:35  Drone  
  17  0:53  Hatchery  
  17  0:56  Drone  
  17  0:59  Drone  
  18  1:10  Extractor  
  17  1:16  Spawning Pool  
  16  1:19  Drone  
  16  1:21  Drone  
  18  1:30  Drone  
  19  1:42  Overlord  
  19  2:03  Zergling x4, Queen  
  19  2:04  Queen  
  19  2:05  Zergling x2  
  26  2:11  Metabolic Boost  
  26  2:12  Drone  
  27  2:16  Drone  
  28  2:32  Drone x2  
  28  2:36  Drone  
  31  2:40  Queen  
  33  2:48  Overlord, Lair  
  33  2:53  Drone  
  33  2:57  Drone x2  
  36  3:03  Overlord  
  36  3:09  Overlord  
  36  3:17  Overlord  
  36  3:24  Drone x5  
  41  3:28  Drone  
  41  3:29  Drone  
  43  3:35  Drone x2  
  45  3:50  Hatchery  
  42  3:59  Roach Warren  
  42  4:01  Spore Crawler  
  42  4:02  Spore Crawler, Overseer  
  40  4:06  Drone x5  
  44  4:12  Drone x3  
  44  4:15  Drone  
  48  4:24  Extractor x2  
  47  4:25  Overlord  
  46  4:32  Overlord  
  46  4:41  Roach x3  
  46  4:43  Drone  
  46  4:44  Drone x3  
  56  4:51  Drone  
  56  4:52  Drone  
  58  5:00  Drone  
  58  5:01  Drone x2  
  58  5:02  Drone  
  58  5:05  Drone x2  
  58  5:06  Drone x2  
  66  5:08  Glial Reconstitution, Drone  
  66  5:13  Drone  
  68  5:23  Queen, Ravager x2  
  68  5:24  Ravager, Evolution Chamber  
  68  5:26  Evolution Chamber  
  71  5:30  Drone  
  71  5:31  Drone x3  
  75  5:40  Spore Crawler  
  75  5:41  Hatchery  
  73  5:44  Overlord  
  73  5:49  Overlord  
  73  5:54  Roach  
  73  5:55  Roach x3  
  73  5:56  Roach x2  
  85  5:57  Roach  
  85  5:58  Queen  
  85  6:02  Roach  
  85  6:04  Roach  
  91  6:06  Roach  
  91  6:07  Roach  
  95  6:15  Zerg Missile Weapons Level 1, Zerg Ground Armor Level 1  
  95  6:23  Drone x2  
  97  6:28  Roach  
  97  6:29  Roach x3  
  105  6:33  Overlord  
  105  6:41  Overlord  
  105  6:42  Overlord  
  105  6:46  Overlord  
  105  6:47  Overlord x3  
  105  6:54  Drone x3  
  105  6:55  Extractor, Drone  
  105  6:56  Drone x4  
  105  7:00  Infestation Pit  
  111  7:05  Queen  
  114  7:08  Extractor, Drone  
  114  7:09  Drone x7  
  114  7:10  Extractor  
  114  7:11  Overlord  
  114  7:15  Overlord  
  119  7:20  Overlord  
  119  7:32  Overlord  
  119  7:38  Hive  
  119  7:52  Roach  
  119  7:53  Roach x16  
  153  8:03  Overlord  
  153  8:05  Overlord  
  152  8:13  Ravager  
  152  8:14  Ravager x6  
  152  8:16  Overlord  
  159  8:27  Zerg Melee Weapons Level 1  
  159  8:32  Drone x2  
  159  8:33  Drone x4  
  165  8:36  Zerg Ground Armor Level 2  
  165  8:38  Zergling x2  
  165  8:39  Zergling x28  
  180  8:52  Ultralisk Cavern  
  180  8:53  Overlord  
  180  8:54  Overlord  
  161  9:16  Roach x5  
  161  9:17  Roach x11  
  151  9:27  Roach  
  151  9:28  Roach x6  
  132  9:46  Chitinous Plating  
  132  9:52  Zergling x2  
  125  9:53  Zergling x30  
  136  10:01  Ultralisk  
  142  10:08  Ultralisk x2  
  149  10:25  Hatchery  
  120  10:30  Ultralisk  
  120  10:32  Zergling x6  
  120  10:33  Zergling x6  
  106  10:42  Ultralisk  
  109  11:00  Zergling x4  
  109  11:02  Zergling x2  
  111  11:05  Hatchery  
Tags
 
Add a new tag
Caveats
  • Supply blocks, unpowered buildings, or Contaminate may cause inaccurate times.
  • Supply counts are checked every 10 seconds.